 Dungeon Crawl Stone Soup version 0.21-a0-414-gba8bdf1 (webtiles) character file.

3279 theanonym the Carver (level 10, -3/79 HPs)
             Began as a Formicid Fighter on Nov 2, 2017.
             Was an Initiate of Ru.
             Slain by a two-headed ogre
             ... wielding a +0 giant club
              (17 damage)
             ... on level 8 of the Dungeon.
             The game lasted 00:35:51 (9553 turns).

theanonym the Carver (Formicid Fighter)             Turns: 9553, Time: 00:35:52

Health: -3/79      AC: 10    Str: 21 (23) XL:     10   Next: 20%
Magic:  10/10      EV: 14    Int:  8 (9)  God:    Ru [......]
Gold:   431        SH: 11    Dex: 12 (15) Spells: 9/9 levels left

rFire    . . .     SeeInvis +   a - +1 long sword
rCold    . . .     Gourm    .   c - +0 shield
rNeg     . . .     Faith    .   l - +0 scale mail
rPois    +         Spirit   .   (helmet unavailable)
rElec    .         Reflect  .   (no cloak)
rCorr    .         Harm     .   w - +0 pair of gloves
MR       +....                  g - +0 pair of boots
Stlth    ..........             (no amulet)
HPRegen  0.23/turn              (no ring)
MPRegen  0.12/turn              A - ring of poison resistance

@: agile
A: permanent stasis, dig shafts and tunnels, four strong arms, antennae 3,
mutation resistance 1, no stealth
a: Dig, Shaft Self, Renounce Religion


You were on level 8 of the Dungeon.
You worshipped Ru.
Ru was noncommittal.
You were not hungry.

You visited 1 branch of the dungeon, and saw 8 of its levels.
You also visited: Sewer.

You collected 431 gold pieces.

Inventory:

Hand Weapons
 a - a +1 long sword (weapon)
 b - a +0 blowgun
   (You took it off a kobold on level 3 of the Dungeon)
Missiles
 D - 4 javelins of returning (quivered)
Armour
 c - a +0 shield (worn)
 g - a +0 pair of boots (worn)
   (You found it on level 3 of the Dungeon)
 l - a +0 scale mail (worn)
 w - a +0 pair of gloves (worn)
   (You found it on level 6 of the Dungeon)
Jewellery
 j - an uncursed ring of ice
   (You found it on level 3 of the Dungeon)
 A - a ring of poison resistance (right hand)
   (You found it on level 8 of the Dungeon)
Wands
 y - a wand of polymorph (13/24)
   (You found it on level 6 of the Dungeon)
Scrolls
 h - 4 scrolls of remove curse {unknown}
 k - 2 scrolls of enchant weapon
 n - a scroll of blinking {unknown}
 r - 2 scrolls of identify
 u - 3 scrolls of immolation
 v - 2 scrolls of magic mapping {unknown}
 x - a scroll of fog {unknown}
 B - a scroll of fear {unknown}
Potions
 e - a potion of agility
 i - a potion of curing
Books
 d - a Young Poisoner's Handbook
   (You found it on level 7 of the Dungeon)

   Spells                             Type                      Level
   a - Sting                          Conjuration/Poison           1
   b - Poisonous Vapours              Poison/Air                   2
   c - Mephitic Cloud                 Conjuration/Poison/Air       3
   d - Olgreb's Toxic Radiance        Poison                       4
   e - Venom Bolt                     Conjuration/Poison           5
Comestibles
 f - 3 bread rations
 p - 3 royal jellies
 q - 5 fruits
 C - 3 chunks of flesh


   Skills:
 + Level 7.5 Fighting
 * Level 8.9 Long Blades
 + Level 7.5 Armour
 + Level 8.2 Shields


You had 9 spell levels left.
You didn't know any spells.

Dungeon Overview and Level Annotations

Branches:
Dungeon (8/15)             Temple (0/1) D:5            Lair (0/6) D:8

Altars:
Dithmenos
Fedhas
Qazlal
Ru
Sif Muna
Wu Jian
Xom

Annotations:
D:5 namelastname112's ghost, amateur FeWn
D:7 Slowdrip's ghost, novice OgHu


Innate Abilities, Weirdness & Mutations

You cannot be hasted, slowed, berserked, paralysed or teleported.
You can dig through walls and to a lower floor.
Your four strong arms can wield two-handed weapons with a shield.
You have a pair of large antennae on your head. (SInv)
You cannot be stealthy.
You are somewhat resistant to further mutation.


Message History

You barely miss the spriggan baker.
The spriggan baker hits you with a dagger.
* * * LOW HITPOINT WARNING * * *
A hound comes into view.
You take 5 damage, and have 30/118 hp.
The hound barks!
You hit the spriggan baker. You block the spriggan baker's attack.
You barely miss the spriggan baker. You block the spriggan baker's attack.
You barely miss the spriggan baker.
The spriggan baker hits you but does no damage.
It was a potion of flight.
Your roots keep you in place.
You block the hound's attack. The spriggan baker barely misses you.
The hound bites you but does no damage.
You miss the spriggan baker.
The spriggan baker hits you but does no damage.
You block the hound's attack.
You barely miss the spriggan baker. The hound bites you but does no damage.
You block the spriggan baker's attack. You block the hound's attack.
You closely miss the spriggan baker.
The spriggan baker completely misses you.
You block the hound's attack.
You hit the spriggan baker but do no damage.
The hound bites you but does no damage. You block the spriggan baker's attack.
You hit the spriggan baker.
The hound pauses to sniff the ground.
The hound bites you but does no damage. You block the hound's attack.
You block the spriggan baker's attack.
You hit the spriggan baker but do no damage.
You block the hound's attack.
The spriggan baker hits you but does no damage.
The hound bites you but does no damage.
You completely miss the spriggan baker.
The spriggan baker hits you but does no damage.
The hound completely misses you.
You riposte.
You hit the hound. You barely miss the spriggan baker.
The hound bites you but does no damage. You block the spriggan baker's attack.
You block the hound's attack.
You barely miss the spriggan baker. You block the spriggan baker's attack.
The hound bites you but does no damage.
You closely miss the spriggan baker. The hound bites you but does no damage.
The spriggan baker hits you but does no damage.
You block the hound's attack.
You closely miss the spriggan baker. You block the spriggan baker's attack.
The hound bites you but does no damage.
You closely miss the spriggan baker. The hound bites you but does no damage.
You block the spriggan baker's attack. The hound bites you but does no damage.
You miss the spriggan baker.
The spriggan baker hits you but does no damage.
The hound bites you but does no damage.
You slash the spriggan baker! The hound bites you but does no damage.
You block the spriggan baker's attack.
You slash the hound! The hound bites you but does no damage.
The spriggan baker hits you but does no damage.
You block the hound's attack.
You hit the hound. The hound bites you.
* * * LOW HITPOINT WARNING * * *
The spriggan baker hits you but does no damage.
You take 4 damage, and have 31/118 hp.
You closely miss the hound. The hound bites you but does no damage.
The spriggan baker hits you but does no damage.
You block the hound's attack.
You closely miss the hound. The hound bites you but does no damage.
The spriggan baker hits you but does no damage.
You closely miss the hound.
Your transformation is almost over.
The spriggan baker is no longer unusually agile.
The hound bites you but does no damage.
The spriggan baker hits you but does no damage.
The hound bites you but does no damage.
You slash the hound!
You kill the hound!
The spriggan baker hits you but does no damage.
You feel better.
The spriggan baker hits you but does no damage.
You regained 9 hp, and now have 42/118 hp.
You barely miss the spriggan baker.
The spriggan baker hits you but does no damage.
You barely miss the spriggan baker.
The spriggan baker hits you but does no damage.
You hit the spriggan baker.
You kill the spriggan baker!
You feel your strength returning.
You closely miss the two-headed ogre.
The two-headed ogre hits you but does no damage.
The two-headed ogre hits you with a giant club!!
* * * LOW HITPOINT WARNING * * *
You take 18 damage, and have 25/118 hp.
You slash the two-headed ogre!
You completely miss the two-headed ogre.
You block the two-headed ogre's attack.
The two-headed ogre hits you with a giant club.
* * * LOW HITPOINT WARNING * * *
You take 3 damage, and have 22/118 hp.
You hit the two-headed ogre.
You block the two-headed ogre's attack. x2
You hit the two-headed ogre but do no damage.
You feel less wooden.
Your +0 pair of gloves unmelds from your body.
Your +0 pair of boots unmelds from your body.
Your +0 scale mail unmelds from your body.
The two-headed ogre hits you with a giant club!
You die...

# #.......# #.....# #...#.....
....#.......####.....###...#.....
......................##...######
.....######....#......##.........
.... #....#...............#) ...
#....##.######...#.###. #...(##.#
+......#... #....##.# #...>#.#.#.
#....O@.# #......#.## #.#####.#
#....###.# #.# #.#####....# #.#
#. #.....)....# #.#
#.#####..[.......# #.#
.........######### #.#
#.#####''#### #.# ##........##
#†# #.....5....## #.#


You could see a two-headed ogre.

Vanquished Creatures
  A spriggan (D:8)
  Edmund (D:6)
  2 sky beasts
  4 ogres
  An ice beast (D:5)
  3 phantoms
  A centaur (D:6)
  The ghost of DEFE the Cutter, an amateur DEWr (D:3)
  4 bullfrogs
  A scorpion (D:4)
  11 killer bees
  A howler monkey (D:8)
  2 crimson imps
  A quasit (D:7)
  5 hounds
  A jelly (D:6)
  An orc priest (D:6)
  4 bullfrog skeletons
  A centaur skeleton (D:7)
  An iguana (D:6)
  6 orc wizards
  7 worker ants
  A worker ant zombie (D:5)
  10 adders
  3 gnolls (D:5)
  2 shadow imps (D:8)
  12 oozes
  An adder skeleton (D:8)
  An adder zombie (D:6)
  5 worms
  2 dart slugs (D:1)
  11 leopard geckos
  13 orcs
  12 ball pythons
  11 giant cockroaches
  16 goblins
  10 hobgoblins
  7 jackals
  2 quokkas
  11 bats
  12 frilled lizards
  7 kobolds
  A leopard gecko zombie (D:5)
  6 rats
216 creatures vanquished.

Vanquished Creatures (others)
  A plant (D:2)
1 creature vanquished.

Grand Total: 217 creatures vanquished

Notes
Turn   | Place    | Note
-------+----------+-------------------------------------------
     0 | D:1      | theanonym the Formicid Fighter began the quest for the Orb.
     0 | D:1      | Reached XP level 1. HP: 18/18 MP: 1/1
   146 | D:1      | Reached XP level 2. HP: 24/24 MP: 2/2
   512 | D:1      | Reached XP level 3. HP: 29/29 MP: 3/3
   592 | D:1      | Reached skill level 4 in Shields
   673 | D:2      | DEFE: FoFi
   682 | D:2      | DEFE: ну тут ока куда круче будет
   684 | D:2      | DEFE: чем аш
   684 | D:2      | theanonym: Там бонус на двуручный меч должен быть хорошим
   684 | D:2      | theanonym: Сразу за двуручку и щит
   697 | D:2      | DEFE: так у оки тоже бонус на меч и щит хороший
   945 | D:2      | DEFE: плюси финесс и дары
   972 | D:2      | theanonym: Какой бонус, артефакты?
   985 | D:2      | Reached XP level 4. HP: 25/37 MP: 4/4
  1220 | D:2      | Reached skill level 3 in Long Blades
  1361 | D:2      | Found a shimmering altar of Xom.
  1363 | D:2      | Found a shadowy altar of Dithmenos.
  1420 | D:2      | Found a sacrificial altar of Ru.
  1459 | D:2      | DEFE: hero же
  1479 | D:2      | Reached skill level 4 in Armour
  1484 | D:2      | DEFE: +5 ко всем немагическим скиллам
  1484 | D:2      | Reached XP level 5. HP: 34/42 MP: 5/5
  1673 | D:2      | Reached skill level 4 in Fighting
  1697 | D:2      | theanonym: Я прошлый раз почти прошёл 3 руны за FoCK
  1697 | D:2      | DEFE: лол
  1697 | D:2      | theanonym: AK т.е.
  1697 | D:2      | theanonym: Луногу
  1697 | D:2      | DEFE: а АК
  1755 | D:2      | DEFE: ну Лугону очень хорош для Фо
  1777 | D:2      | DEFE: т.к. дает блинк
  1777 | D:2      | DEFE: лол
  1847 | D:2      | DEFE: бери оку лучше
  1863 | D:3      | DEFE: если хочешь аш, беи SpEn
  1864 | D:3      | DEFE: классическое комбо
  1964 | D:3      | DEFE: алсо, почему мечи?
  1965 | D:3      | theanonym: Топор надоел
  1965 | D:3      | theanonym: Ну и для копания в стену лучше
  2087 | D:3      | Found a glowing drain.
  2106 | Sewer    | Entered a sewer
  2241 | Sewer    | DEFE: А Рю тоже крутой
  2256 | Sewer    | DEFE: кстати
  2297 | Sewer    | theanonym: Когда-то давно играл
  2297 | Sewer    | theanonym: Что там жертвовать гибриду можно?
  2297 | Sewer    | theanonym: У муравья бонусы к магии же
  2339 | Sewer    | DEFE: да малоли к чему бонусы
  2518 | Sewer    | DEFE: магия не нужна
  2536 | Sewer    | Reached XP level 6. HP: 41/48 MP: 6/6
  2595 | Sewer    | DEFE: Рю он вообще сильный
  2602 | Sewer    | DEFE: для всех
  2602 | Sewer    | DEFE: как и Аш
  2716 | Sewer    | DEFE: Ну и ФоФи это не гибрид лол
  2716 | Sewer    | Reached skill level 4 in Long Blades
  2718 | Sewer    | DEFE: это чистай табатель
  2731 | Sewer    | Reached skill level 5 in Shields
  2736 | Sewer    | theanonym: Кастинг 0, +10% маны
  2736 | Sewer    | DEFE: и что?
  2736 | Sewer    | theanonym: Смысл тогда муравья брать, только из-за щита?
  2736 | Sewer    | DEFE: еще копать
  2736 | Sewer    | DEFE: истазис
  2736 | Sewer    | DEFE: не можно Фо играть как магом
  2736 | Sewer    | DEFE: ФоЕЕ
  2736 | Sewer    | DEFE: например
  2736 | Sewer    | theanonym: Я брал дефлект и спектрал вепон
  2736 | Sewer    | DEFE: нет смысла
  2736 | Sewer    | theanonym: Нормально же
  2828 | D:3      | DEFE: ты никогда не сможешь нормально кастовать дефлект в нормальной броне
  2828 | D:3      | DEFE: вернее сможешь
  2828 | D:3      | DEFE: когда уже толку не будет особо
  3051 | D:3      | Noticed DEFE's ghost (amateur DEWr)
  3051 | D:3      | theanonym: О
  3052 | D:3      | DEFE: должен быть простой
  3052 | D:3      | DEFE: если без яда
  3064 | D:3      | Killed DEFE's ghost
  3064 | D:3      | Reached XP level 7. HP: 54/55 MP: 7/7
  3086 | D:3      | DEFE: кстати ты подобрал кураре иглы
  3089 | D:3      | DEFE: но не подобрал блоуган
  3089 | D:3      | theanonym: Есть толк от него?
  3089 | D:3      | DEFE: ты либо иглы выкини, либо блоуган возьми
  3089 | D:3      | DEFE: да
  3111 | D:3      | DEFE: кураре очень сильно травит и тормозит
  3111 | D:3      | DEFE: в ранней игре полезно всем
  3111 | D:3      | DEFE: если встретишь что-то опасное
  3112 | D:3      | DEFE: можно легко убить
  3159 | D:3      | Found a blossoming altar of Fedhas.
  3243 | D:3      | theanonym: Дротики же и так кидать можно
  3540 | D:3      | DEFE: это не дротики
  3540 | D:3      | DEFE: жрутики убрали версси так в 14 или даже раньше
  3540 | D:3      | DEFE: это иглы
  3576 | D:4      | DEFE: ??darts
  3577 | D:4      | beem: ranged combat[1/3]: Launcher damage and delay works essentially the same way melee damage does.
  3701 | D:4      | DEFE: ??darts[2
  3702 | D:4      | beem: ranged combat[2/3]: Nobody understood ranged combat.
  3703 | D:4      | DEFE: ??darts[3
  3703 | D:4      | beem: ranged combat[3/3]: Nobody understands ranged combat now, either.
  3703 | D:4      | DEFE: так
  3703 | D:4      | DEFE: ну
  3703 | D:4      | DEFE: отбегай
  3703 | D:4      | DEFE: пока он не отстанет наш
  3704 | D:4      | DEFE: и плюнь в него кураре
  3712 | D:4      | You fall through a shaft!
  3712 | D:5      | Entered Level 5 of the Dungeon
  3713 | D:5      | DEFE: лол
  3713 | D:5      | theanonym: М
  4014 | D:4      | Reached skill level 5 in Long Blades
  4015 | D:4      | theanonym: Норм
  4038 | D:4      | Reached skill level 5 in Armour
  4110 | D:4      | Reached skill level 5 in Fighting
  4381 | D:4      | Reached XP level 8. HP: 62/62 MP: 8/8
  4558 | D:4      | DEFE: чейна не упало
  4591 | D:4      | DEFE: или плейта?
  4593 | D:5      | theanonym: Нет
  4608 | D:5      | Found an ornate altar of the Wu Jian Council.
  4639 | D:5      | theanonym: Рю сложный, пока оку возьму
  4646 | D:5      | DEFE: Вообще рю простой
  4646 | D:5      | DEFE: лол
  4692 | D:5      | DEFE: у него главная абилка пассивная
  4692 | D:5      | DEFE: даже делать ничего не надо
  4692 | D:5      | theanonym: Я вообще не помню чё он делает
  4692 | D:5      | DEFE: защищает тебя
  4692 | D:5      | DEFE: ??ru
  4692 | D:5      | beem: ru[1/8]: Ru grants great power to adherents who renounce the world by making sacrifices. Worshippers are periodically offered a choice of three sacrifices, and gain piety for accepting one of them. The offers are refreshed more slowly if you ignore them, more quickly with faith. Removing faith causes the next sacrifice to be delayed with no piety loss.
  4692 | D:5      | DEFE: ??ru[2
  4692 | D:5      | beem: ru[2/8]: Granted powers: 1* Aura of Power: Attacking enemies falter and/or attack themselves or other enemies. 2* Aura of Power: Enemies that damage you can receive statuses. 3* {Draw Out Power}: restore health and mana. 4* {Power Leap}: jump three tiles and explode at destination. 5* {Apocalypse}: deal huge damage and inflict statuses to everything on screen. All powers scale with piety.
  4692 | D:5      | theanonym: Ладно всё равно толкьо начал
  4807 | D:2      | Became a worshipper of Ru the Awakened
  4888 | D:4      | DEFE: а еще рю можно бросить
  4888 | D:4      | DEFE: он не гневается
  4888 | D:4      | theanonym: Остаться без рук?
  4910 | D:5      | Found a staircase to the Ecumenical Temple.
  4910 | D:5      | Noticed namelastname112's ghost (amateur FeWn)
  4917 | D:5      | DEFE: опа
  4917 | D:5      | DEFE: неймластнейм
  4917 | D:5      | DEFE: играет
  4917 | D:5      | theanonym: Да ещё один
  5019 | D:4      | DEFE: если не успел ничего пожертвовать
  5021 | D:5      | DEFE: то можно просто взять оку
  5023 | D:5      | DEFE: если будет его алтарь
  5068 | D:5      | DEFE: поэтому рю безопасно брать
  5077 | D:5      | DEFE: если видишь
  5310 | D:5      | Reached skill level 6 in Shields
  5326 | D:5      | Found a stormy altar of Qazlal.
  5353 | D:5      | DEFE: да кураре
  5355 | D:5      | DEFE: используй
  5358 | D:5      | DEFE: мимо
  5360 | D:5      | DEFE: еще
  5364 | D:5      | Reached skill level 6 in Long Blades
  5399 | D:5      | DEFE: ну норм
  5406 | D:5      | DEFE: не беай с неполными ХП
  5416 | D:5      | theanonym: Забыл авторест включить
  5807 | D:5      | theanonym: Как пиети-то качать?
  5807 | D:5      | DEFE: просто получай экспу
  5807 | D:5      | theanonym: Там вроде сразу должна быть возможность пожертвовать
  5871 | D:6      | DEFE: сразу это если ты монах или на рандом-алтаре получил Рю
  6006 | D:6      | Reached skill level 6 in Armour
  6085 | D:6      | Reached skill level 6 in Fighting
  6316 | D:6      | Reached XP level 9. HP: 57/69 MP: 9/9
  6582 | D:6      | theanonym: Так
  6582 | D:6      | DEFE: G
  6582 | D:6      | DEFE: однозначно
  6582 | D:6      | Gained mutation: You cannot be stealthy. [Ru sacrifice]
  6583 | D:6      | DEFE: даже на звездочку не хватило, лол
  6593 | D:6      | Reached skill level 7 in Long Blades
  6594 | D:6      | DEFE: ну ща еще что-нибудь
  6711 | D:6      | Found a deep blue altar of Sif Muna.
  6830 | D:6      | Noticed Edmund
  6843 | D:6      | Killed Edmund
  7032 | D:6      | DEFE: лучше бы кураре потратил
  7043 | D:6      | DEFE: а не майт
  7043 | D:6      | theanonym: Нету
  7043 | D:6      | DEFE: а уже нет
  7043 | D:6      | theanonym: Там 2 было всего
  7043 | D:6      | DEFE: вообще он и так должен убиваться
  7054 | D:7      | Reached skill level 7 in Shields
  7085 | D:7      | theanonym: Вот кстати, может есть смысл ловкость качать чтобы ответка чаще прокала?
  7207 | D:7      | DEFE: не
  7251 | D:7      | DEFE: лучше силу качать, что бы сильнее бить и броню нормальную носить
  7719 | D:7      | DEFE: каждые 10 силы дают примерно +25% урона
  7719 | D:7      | DEFE: это обычные
  7723 | D:7      | DEFE: тожно можно брать
  8004 | D:7      | Noticed Slowdrip's ghost (novice OgHu)
  8013 | D:7      | DEFE: сколько урон?
  8015 | D:7      | DEFE: у него фриз дамаг
  8015 | D:7      | DEFE: возьми кольуо
  8051 | D:7      | DEFE: поднимайся
  8232 | D:7      | Reached skill level 8 in Long Blades
  8418 | D:7      | Reached skill level 7 in Armour
  8422 | D:7      | Reached skill level 7 in Fighting
  8650 | D:8      | Found a staircase to the Lair.
  8827 | D:8      | Reached XP level 10. HP: 55/79 MP: 10/10
  8981 | D:8      | Reached skill level 8 in Shields
  8996 | D:8      | DEFE: вовремя ты рПойз нашел
  9317 | D:8      | DEFE: когда муравьев только ввели
  9357 | D:8      | DEFE: у них был еще rP-
  9364 | D:8      | DEFE: и они могли кидать большие камни
  9364 | D:8      | theanonym: Это странно
  9364 | D:8      | theanonym: Что пауки и муравьи уязвимы к яду
  9364 | D:8      | DEFE: почему?
  9364 | D:8      | theanonym: Должно быть наоборот
  9364 | D:8      | DEFE: почему?
  9364 | D:8      | theanonym: Насекомые
  9364 | D:8      | DEFE: Ну?
  9364 | D:8      | DEFE: Их же травят
  9364 | D:8      | DEFE: что бы избавиться от них
  9364 | D:8      | DEFE: вполне действует
  9364 | D:8      | theanonym: Ну хз
  9486 | D:8      | Noticed a two-headed ogre
  9491 | D:8      | DEFE: спригган булочник
  9495 | D:8      | DEFE: ты че
  9496 | D:8      | DEFE: ладно спригган
  9499 | D:8      | DEFE: но с двуголовым огром
  9513 | D:8      | Gained mutation: You are somewhat resistant to further mutation. [potion of mutation]
  9514 | D:8      | theanonym: Норм
  9514 | D:8      | theanonym: Рмут
  9514 | D:8      | DEFE: Это слабый рМут
  9535 | D:8      | DEFE: собаку
  9538 | D:8      | DEFE: лучше
  9539 | D:8      | DEFE: чначала
  9551 | D:8      | DEFE: ща дерево кончится
  9551 | D:8      | HP: 22/118 [two-headed ogre/giant club (4)]
  9552 | D:8      | DEFE: уйдешь
  9553 | D:8      | Slain by a two-headed ogre

Vault maps used:
D:1:      dpeg_arrival_round_b
D:2:      cheibrodos_greedy_goblins, nicolae_overflow_hidden_temple,
          serial_bayou_lagoon_a, nicolae_ru_sacrificial_ziggurat
D:3:      portal_sewer_entry_d, fedhas_altar_fruit_tree
D:5:      old_standard_altar, overflow_temple_1_default,
          minmay_temple_entry_statues_fountains, first_bread,
          grunt_ministairs_12
D:6:      lemuel_blue_sif_altar, uniq_edmund
D:7:      minmay_misc_feat_alley
D:8:      kennysheep_big_flooded_room, lair_entry_dummy, the_bakery
Sewer:    sewer_frog_island_02

Skill      XL: |  1  2  3  4  5  6  7  8  9 10 |
---------------+-------------------------------+-----
Shields        | 4 5 6 7 8 |  8.2
Long Blades    | 3 4 5 6 8 |  8.9
Armour         | 4 5 6 7 |  7.5
Fighting       | 4 5 6 7 |  7.5

Action                   |  1- 3 |  4- 6 |  7- 9 | 10-12 || total
-------------------------+-------+-------+-------+-------++-------
Melee: Long sword        |   107 |   270 |   480 |   114 ||   971
 Fire: Blowgun           |       |       |     6 |       ||     6
Invok: Sacrifice Stealth |       |       |     1 |       ||     1
  Use: Scroll            |       |     5 |     2 |       ||     7
       Potion            |       |     1 |     2 |     7 ||    10
  Eat: Chunk             |       |     8 |     6 |       ||    14
       Meat ration       |       |       |     2 |       ||     2
       Fruit             |       |       |     1 |       ||     1
       Bread ration      |       |       |     1 |       ||     1
Armor: Scale mail        |    49 |   105 |   140 |    30 ||   324
       Skin              |       |       |       |    32 ||    32
Dodge: Dodged            |    38 |   102 |   155 |    34 ||   329
Block: Shield            |    72 |   161 |   233 |    69 ||   535
       Rpst.: Long sword |    10 |    30 |    51 |    12 ||   103

Table legend:
 A = Spawn XP
 B = Non-spawn XP
 C = Spawn XP percentage of total XP
 D = Spawn monster count
 E = Non-spawn monster count
 F = Spawn count percentage of total count
 G = Total turns spent on level
                    A         B        C        D         E        F      G
               +---------+---------+-------+---------+---------+-------+---------
         Total |       0 |    4685 |   0.0 |       0 |     216 |   0.0 |  9553
               +---------+---------+-------+---------+---------+-------+---------
           D:1 |       0 |      42 |   0.0 |       0 |      22 |   0.0 |   669
           D:2 |       0 |     130 |   0.0 |       0 |      39 |   0.0 |  1280
           D:3 |       0 |     159 |   0.0 |       0 |      19 |   0.0 |  1037
           D:4 |       0 |     585 |   0.0 |       0 |      16 |   0.0 |   972
           D:5 |       0 |     510 |   0.0 |       0 |      14 |   0.0 |  1131
           D:6 |       0 |     748 |   0.0 |       0 |      19 |   0.0 |  1412
           D:7 |       0 |    1345 |   0.0 |       0 |      26 |   0.0 |  1413
           D:8 |       0 |     951 |   0.0 |       0 |      18 |   0.0 |   920
         Sewer |       0 |     215 |   0.0 |       0 |      43 |   0.0 |   719
               +---------+---------+-------+---------+---------+-------+---------
